 Dungeon Crawl Stone Soup version 0.28.0-53-g5a82cb258f (webtiles) character file.

Game seed: 15346563922160272903

28 cbfl8 the Chopper (level 3, 0/33 HPs)
             Began as a Minotaur Berserker on Aug 9, 2022.
             Was a Follower of Trog.
             Slain by a gnoll
             ... wielding a +0 halberd
              (13 damage)
             ... on level 2 of the Dungeon.
             The game lasted 00:01:00 (895 turns).

cbfl8 the Chopper (Minotaur Berserker)               Turns: 895, Time: 00:01:01

Health: 0/33       AC:  5    Str: 21    XL:     3   Next: 0%
Magic:  2/2        EV: 11    Int:  4    God:    Trog [*.....]
Gold:   78         SH:  0    Dex: 11    Spells: 2/2 levels left

rFire   . . .      SeeInvis .   a - +0 hand axe
rCold   . . .      Faith    .   (no shield)
rNeg    . . .      Spirit   .   h - +0 ring mail
rPois   .          Reflect  .   (helmet restricted)
rElec   .          Harm     .   (no cloak)
rCorr   .          Rampage  .   (no gloves)
Will    .....                   (no boots)
Stlth   +.........              (no amulet)
HPRegen 0.11/turn               (no ring)
MPRegen 0.08/turn               (no ring)

@: no status effects
A: horns 2, retaliatory headbutt
a: Renounce Religion, Berserk


You were on level 2 of the Dungeon.
You worshipped Trog.
Trog was aware of your devotion.
You visited 1 branch of the dungeon, and saw 2 of its levels.

You collected 78 gold pieces.

Inventory:

Hand Weapons
 a - a +0 hand axe (weapon)
Armour
 b - a +0 animal skin
 f - an orb of guile
 h - a +0 ring mail (worn)
Scrolls
 e - a scroll of torment {unknown}
 g - a scroll of teleportation {unknown}
Potions
 c - a potion of mutation {unknown}
 d - a potion of haste {unknown}
 i - a potion of invisibility {unknown}


   Skills:
 * Level 4.2 Fighting
 + Level 4.2 Axes
 + Level 2.5 Armour
 * Level 2.5 Dodging
 * Level 0.5 Evocations


You had 2 spell levels left.
You didn't know any spells.
Your spell library was empty.

Dungeon Overview and Level Annotations

Branches:
Dungeon (2/15)

Altars:


Innate Abilities, Weirdness & Mutations

You have a pair of horns on your head.
You reflexively headbutt those who attack you in melee.


Message History

No target in view!
Found a stone staircase leading down.
No target in view!
There is a stone staircase leading down here.
You see here a +0 falchion.
Found a stone staircase leading up.
No target in view!
i - a bubbling grey potion No target in view!
You now have 78 gold pieces (gained 3).
Found an escape hatch in the floor.
No target in view!
There is an escape hatch in the floor here.
Found 21 bolts.
No target in view!
Found a stone staircase leading up.
No target in view!
Found 16 arrows.
There is a stone staircase leading up here.
No target in view!
A gnoll comes into view. It is wielding a +0 halberd.
The gnoll shouts!
You hear a shout! x2
A goblin comes into view. It is wielding a +0 dagger.
A gnoll comes into view. It is wielding a +0 halberd.
The goblin shouts!
The gnoll shouts!
A gnoll comes into view. It is wielding a +0 spear.
The goblin unwields a +0 dagger.
The goblin wields a +0 hunting sling.
The goblin shoots a stone.
The stone hits you.
The gnoll hits you from afar with a +0 halberd.
There are monsters nearby!
A gnoll comes into view. It is wielding a +0 whip.
The gnoll shouts!
The gnoll hits you from afar with a +0 halberd!
The gnoll hits you but does no damage.
The goblin shoots a stone.
The stone misses you.
You hit the gnoll but do no damage.
The gnoll hits you from afar with a +0 spear.
The gnoll hits you from afar with a +0 halberd!
You die...

#.# #.#
#########.#
#....(..#.######
#.#####..<.....#
#####.#.#.##.#
#............
#.###.#.#.##..
#@# #.....# .#
#.gg.# ###.### #
#.#g#.# #.#
..g... ..# #.#
#.# ## g.# #.#
#.#


You could see 4 gnolls and a goblin.

Vanquished Creatures
  3 endoplasms (D:1)
  A giant cockroach (D:1)
  2 goblins
  2 hobgoblins
  2 jackals (D:1)
  4 kobolds (D:1)
  2 quokkas (D:1)
  2 ball pythons (D:1)
  A bat (D:1)
  3 frilled lizards (D:1)
  2 rats (D:1)
24 creatures vanquished.

Notes
Turn   | Place    | Note
-------+----------+-------------------------------------------
     0 | D:1      | cbfl8 the Minotaur Berserker began the quest for the Orb.
     0 | D:1      | Reached XP level 1. HP: 19/19 MP: 0/0
   150 | D:1      | Reached XP level 2. HP: 27/27 MP: 1/1
   794 | D:2      | Reached XP level 3. HP: 33/33 MP: 2/2
   895 | D:2      | Slain by a gnoll

Illustrated notes

Levels and vault maps discovered:
D:1:      lightli_arrival_chessboard, layout_rooms
D:2:      layout_loops_ring, shapermc_ecumenical_altar_starsandcircs,
          serial_bayou_crossing

Skill      XL: |  1  2 |
---------------+-------+-----
Axes           | 4 |  4.2
Fighting       | 4 |  4.2
Armour         | |  2.5
Dodging        | |  2.5
Evocations     | |  0.5

Action                   || total
-------------------------++-------
Melee: Hand axe          ||    44
       Headbutt          ||     8
       Punch             ||     2
Armor: Animal skin       ||     7
       Ring mail         ||     2
Dodge: Dodged            ||    23
